 Dungeon Crawl Stone Soup version 0.19-a0-979-g9f96267 (webtiles) character file.

71 CInkIbrahim the Poker (level 4, 29/29 HPs)
             Began as an Octopode Gladiator on July 14, 2016.
             Quit the game on level 2 of the Dungeon.
             The game lasted 00:01:30 (1481 turns).

CInkIbrahim the Poker (Octopode Gladiator)          Turns: 1481, Time: 00:01:31

Health: 29/29      AC:  1    Str: 14    XL:     4   Next: 24%
Magic:  4/4        EV: 13    Int: 10    God:
Gold:   56         SH:  0    Dex: 13    Spells: 0 memorised, 3 levels left

rFire  . . .     SeeInvis .     a - +0 trident
rCold  . . .     Gourm    .     (no shield)
rNeg   . . .     Faith    .     b - +0 hat
rPois  .         Spirit   .     (no amulet)
rElec  .         Dismiss  .     j - -4 ring of slaying (curse)
rCorr  .         Reflect  .     (no ring)
SustAt .         Harm     .     (no ring)
MR     .....                    (no ring)
Stlth  ++........               (no ring)
                                (no ring)
                                (no ring)
                                (no ring)

@: not resistant to hostile enchantments, unstealthy
A: almost no armour, amphibious, 8 rings, constrict 8, camouflage 1, gelatinous
body 1
a: no special abilities


You were on level 2 of the Dungeon.
You were not hungry.

You visited 1 branch of the dungeon, and saw 2 of its levels.

You collected 56 gold pieces.

Inventory:

Hand Weapons
 a - a +0 trident (weapon)
Missiles
 c - 3 throwing nets (quivered)
Armour
 b - a +0 hat (worn)
Jewellery
 j - a cursed -4 ring of slaying (left tentacle)
Scrolls
 f - 2 scrolls of teleportation
 h - 3 scrolls of fog
Potions
 e - 2 potions of flight
 i - 2 potions of magic {unknown}
 k - a potion of berserk rage
 o - a potion of curing {unknown}
 p - a potion of brilliance {unknown}
 q - a potion of agility {unknown}
Comestibles
 d - 2 bread rations
 g - a meat ration
 m - a fruit


   Skills:
 - Level 2.0 Fighting
 + Level 4.9 Polearms
 - Level 2.0 Throwing
 - Level 3.0 Dodging


You had 3 spell levels left.
You didn't know any spells.

Dungeon Overview and Level Annotations

Branches:
Dungeon (2/15)

Altars:


Innate Abilities, Weirdness & Mutations

You cannot wear most types of armour.
You are amphibious.
You can wear up to eight rings at the same time.
You can use your tentacles to constrict eight enemies at once.
Your skin changes colour to match your surroundings (Stealth+).
Your rubbery body absorbs attacks. (AC +1)


Message History

h - 3 scrolls of fog (gained 1)
You see here 19 sling bullets.
You see here 19 sling bullets.
There is a stone staircase leading up here.
A bat comes into view.
The bat is too close now for your liking.
A bat is nearby!
Put on which piece of jewellery? (? for menu, Esc to quit)
Oops, that ring feels deathly cold.
j - a cursed -4 ring of slaying (left tentacle) Blink to where?
Press: ? - help, Dir - move target cursor, f - you Are you sure you want to cancel this blink?
Okay, then.
As you read the scroll labeled CYDI CUONUMENE, it crumbles to dust.
It was a scroll of blinking.
As you read the scroll labeled LYTOCO KYEKAF, it crumbles to dust.
It is a scroll of recharging.
You aren't carrying any rechargeable items.
Are you sure you want to abandon this character and quit the game? (Confirm with "yes".)

#......##..#.#
#..#####.#
####.#.(.....#
#..#####.# #.#########
#.....##.# ########.#
##.##.##.# #........#
####### #.##.##.#
####.#....<.###.....#
#.......#
...........##.#.....#
####.####
....................#
#.#
...........##.#.@...#
#.#
####.))....####....b#
#.# #..(....# #######
####># #.##..#.# #....#
#.##.##.###########
#.####
#.##.##...........# #(#
#....)..###.#.###.# #.#
#...........#.###.###.#
#.#####†##..[.....)...#


You could see a bat (sleeping).

Vanquished Creatures
  2 adders (D:2)
  2 worms (D:2)
  A dart slug (D:1)
  A giant gecko (D:1)
  8 bats
  A giant cockroach (D:2)
  5 goblins
  4 hobgoblins
  3 jackals (D:2)
  5 kobolds
  3 quokkas (D:2)
  A giant newt (D:2)
  2 rats
38 creatures vanquished.

Notes
Turn   | Place    | Note
-------+----------+-------------------------------------------
     0 | D:1      | CInkIbrahim the Octopode Gladiator began the quest for the Orb.
     0 | D:1      | Reached XP level 1. HP: 14/14 MP: 1/1
   289 | D:1      | Reached XP level 2. HP: 18/19 MP: 2/2
   582 | D:2      | Reached skill level 4 in Polearms
   698 | D:2      | Reached XP level 3. HP: 24/24 MP: 3/3
  1253 | D:2      | Reached XP level 4. HP: 27/29 MP: 4/4
  1481 | D:2      | Quit the game

Vault maps used:
D:1:      co_arrival_square_in_a_square_in_a_square
D:2:      first_bread

Skill      XL: |  1  2 |
---------------+-------+-----
Polearms       | 4 |  4.9
Fighting       | |  2.0
Throwing       | |  2.0
Dodging        | |  3.0

Action                   |  1- 3 |  4- 6 || total
-------------------------+-------+-------++-------
Melee: Trident           |    88 |     9 ||    97
       Constrict         |    17 |     1 ||    18
       Tentacles         |    13 |     1 ||    14
  Use: Scroll            |     4 |     2 ||     6
 Stab: Sleeping          |     6 |     1 ||     7
       Distracted        |     1 |       ||     1
  Eat: Chunk             |     1 |     1 ||     2
Armor: Skin              |     3 |     3 ||     6
Dodge: Dodged            |    40 |     8 ||    48
